 Dungeon Crawl Stone Soup version 0.21-a0-94-gdd6ab6a (webtiles) character file.

589 Monsterracer the Cudgeler (level 7, 0/53 HPs)
             Began as a Demonspawn Chaos Knight on July 2, 2017.
             Was an Initiate of Nemelex Xobeh.
             Slain by a sky beast (3 damage)
             ... on level 5 of the Dungeon.
             The game lasted 00:14:28 (4682 turns).

Monsterracer the Cudgeler (Demonspawn Chaos Knight) Turns: 4682, Time: 00:14:29

Health: 0/53       AC: 11    Str: 13    XL:     7   Next: 15%
Magic:  7/7        EV: 12    Int: 13    God:    Nemelex Xobeh [......]
Gold:   138        SH:  0    Dex: 14    Spells: 6/6 levels left

rFire    . . .     SeeInvis .   e - +0 mace
rCold    . . .     Gourm    .   (no shield)
rNeg     . . .     Faith    .   b - +2 leather armour
rPois    .         Spirit   .   (no helmet)
rElec    .         Reflect  .   (no cloak)
rCorr    .         Harm     .   (no gloves)
MR       .....                  (no boots)
Stlth    ++........             (no amulet)
HPRegen  0.17/turn              n - ring of stealth
MPRegen  0.10/turn              (no ring)

@: sanguine armour
A: claws 1, demonic guardian 1, powered by pain 1, sanguine armour 1
a: Renounce Religion


You were on level 5 of the Dungeon.
You worshipped Nemelex Xobeh.
Nemelex Xobeh was noncommittal.
You were hungry.

You visited 1 branch of the dungeon, and saw 5 of its levels.

You collected 138 gold pieces.

Inventory:

Hand Weapons
 a - a +0 mace of chaos
 e - a +0 mace (weapon)
 l - the +7 dagger "Wosig" {freeze, rC+, unknown}
   (You found it on level 4 of the Dungeon)

   It has been specially enchanted to freeze those struck by it, causing extra
   injury to most foes and up to half again as much damage against particularly
   susceptible opponents.
   It can also slow down cold-blooded creatures.
   It protects you from cold.
Armour
 b - a +2 leather armour (worn)
Jewellery
 n - a ring of stealth (left claw)
Scrolls
 d - 3 scrolls of amnesia
 m - a scroll of enchant armour {unknown}
 p - a scroll of fear
 r - a scroll of identify
Potions
 f - a potion of lignification
 h - a potion of heal wounds
 k - 3 potions of curing
 o - a potion of cancellation
Miscellaneous
 g - a plain deck of destruction {drawn: 1}
Comestibles
 c - 5 bread rations
 i - 4 meat rations
 j - 2 royal jellies
 q - 4 fruits


   Skills:
 + Level 3.8 Fighting
 * Level 6.2 Maces & Flails
 + Level 2.9 Armour
 + Level 2.3 Dodging
 + Level 1.1 Invocations


You had 6 spell levels left.
You didn't know any spells.

Dungeon Overview and Level Annotations

Branches:
Dungeon (5/15)
 Temple: D:4-7

Altars:
Dithmenos
Gozag
Makhleb
Nemelex Xobeh
Qazlal
Sif Muna
Trog
Xom
The Shining One


Innate Abilities, Weirdness & Mutations

You have sharp fingernails.
A weak demonic guardian rushes to your aid.
You sometimes gain a little power by taking damage.
When seriously injured, your bleeding wounds create armour. (AC +6)


Message History

You are feeling hungry.
You miss something. Something hits you but does no damage.
You hit something but do no damage. Something hits you.
* * * LOW HITPOINT WARNING * * *
Something shocks you.
* * * LOW HITPOINT WARNING * * *
Huge Dmg: -14%(-7hp) hp: 19%(10hp)
You hit something. Something hits you.
* * * LOW HITPOINT WARNING * * *
Something shocks you.
* * * LOW HITPOINT WARNING * * *
Huge Dmg: -15%(-8hp) hp: 4%(2hp)
Something misses your white imp. Something hits your white imp.
Something shocks your white imp.
Something hits your white imp but does no damage.
Your white imp disappears in a puff of smoke!
You hit something but do no damage. Something hits you but does no damage.
You closely miss something. Something hits you.
You die...
Your body disappears without a glow.

#.############
##### #####
#...
#...#####.##
#.........≈####
#...#####..†{@#
##.##
#.###........
#.# #..
......### #.#
######...## #.#
#.## #.# .# #>#
.# #.# +# #)#


There were no monsters in sight!

Vanquished Creatures
  Dowan (D:4)
  An orc priest (D:3)
  An orc wizard (D:3)
  4 worker ants
  A hound skeleton (D:4)
  A gnoll (D:5)
  3 adders (D:2)
  2 oozes (D:4)
  3 worms
  5 dart slugs
  6 leopard geckos
  13 orcs
  3 bats
  4 giant cockroaches
  9 goblins
  5 hobgoblins
  A jackal (D:1)
  3 quokkas
  6 frilled lizards
  8 kobolds
  8 rats
88 creatures vanquished.

Vanquished Creatures (collateral kills)
  Sigmund (D:3)
  Duvessa (D:4)
  An orc priest (D:5)
  An orc wizard (D:5)
  2 gnolls (D:5)
  A leopard gecko (D:3)
  3 orcs
  A giant cockroach (D:5)
11 creatures vanquished.

Grand Total: 99 creatures vanquished

Notes
Turn   | Place    | Note
-------+----------+-------------------------------------------
     0 | D:1      | Monsterracer the Demonspawn Chaos Knight began the quest for the Orb.
     0 | D:1      | Reached XP level 1. HP: 18/18 MP: 1/1
    30 | D:1      | Reached skill level 3 in Maces & Flails
    49 | D:1      | Gained mutation: When seriously injured, your bleeding wounds create armour. (AC +6) [demonic ancestry]
    49 | D:1      | Reached XP level 2. HP: 8/24 MP: 2/2
   341 | D:1      | XOM: divination: detect creatures
   565 | D:2      | Reached XP level 3. HP: 24/29 MP: 3/3
   622 | D:2      | Found an opulent altar of Gozag.
   654 | D:2      | Reached skill level 4 in Maces & Flails
   838 | D:2      | XOM: harmless Tloc miscast
   880 | D:2      | Found a shimmering altar of Xom.
   882 | D:2      | Found a shadowy altar of Dithmenos.
   882 | D:2      | Found a stormy altar of Qazlal.
   884 | D:2      | Found a shimmering altar of Xom.
   884 | D:2      | Found a stormy altar of Qazlal.
   884 | D:2      | Found a glowing golden altar of the Shining One.
   898 | D:2      | XOM: silly message
  1088 | D:2      | Found a burning altar of Makhleb.
  1274 | D:2      | Gained mutation: A weak demonic guardian rushes to your aid. [demonic ancestry]
  1274 | D:2      | Reached XP level 4. HP: 32/35 MP: 4/4
  1294 | D:2      | Got a jewelled dagger
  1318 | D:2      | XOM: silly message
  1374 | D:2      | Found a shimmering altar of Xom.
  1400 | D:2      | XOM: mild Tmut miscast
  1761 | D:3      | XOM: medium Necr miscast
  1762 | D:3      | Noticed a shadow
  1762 | D:3      | Noticed a shadow
  2037 | D:3      | XOM: potion effect (brilliance)
  2047 | D:3      | Reached skill level 5 in Maces & Flails
  2212 | D:3      | Noticed Sigmund
  2212 | D:3      | XOM: potion effect (haste)
  2222 | D:3      | XOM: potion effect (agility)
  2226 | D:3      | XOM: potion effect (brilliance)
  2230 | D:3      | Killed Sigmund
  2230 | D:3      | Reached skill level 1 in Dodging
  2230 | D:3      | Reached XP level 5. HP: 29/41 MP: 5/5
  2336 | D:3      | XOM: divination: magic mapping
  2535 | D:3      | Found a bloodstained altar of Trog.
  2640 | D:4      | Identified the +3 dagger of Ronuyh {freeze, rF+ MR- SInv} (You found it on level 2 of the Dungeon)
  2753 | D:4      | Gained mutation: You have sharp fingernails. [demonic ancestry]
  2753 | D:4      | Reached XP level 6. HP: 45/47 MP: 6/6
  2763 | D:4      | Noticed Duvessa
  2763 | D:4      | Noticed Dowan
  2774 | D:4      | Killed Duvessa
  2787 | D:4      | Killed Dowan
  3120 | D:4      | Got a slimy dagger
  3172 | D:4      | XOM: 4-stop teleportation journey
  3182 | D:4      | Reached skill level 6 in Maces & Flails
  3278 | D:4      | Found a shadowy altar of Dithmenos.
  3306 | D:4      | Found a sparkling altar of Nemelex Xobeh.
  3317 | D:4      | Fell from the grace of Xom
  3317 | D:4      | Became a worshipper of Nemelex Xobeh the Trickster
  3349 | D:4      | Found a deep blue altar of Sif Muna.
  3456 | D:4      | XOM: mild Erth miscast
  3459 | D:4      | Received a gift from Nemelex Xobeh
  4273 | D:5      | Entered Level 5 of the Dungeon
  4318 | D:5      | Gained mutation: You sometimes gain a little power by taking damage. [demonic ancestry]
  4318 | D:5      | Reached XP level 7. HP: 49/53 MP: 7/7
  4361 | D:5      | XOM: 3-stop teleportation journey
  4366 | D:5      | Reached skill level 1 in Invocations
  4484 | D:5      | XOM: noise
  4675 | D:5      | HP: 2/53 [something (5)]
  4682 | D:5      | Slain by a sky beast

Vault maps used:
D:1:      minmay_arrival_jagged, st_stairs_12
D:2:      minmay_diamond_boxcup, lemuel_round_altar, lemuel_crystal_altar,
          overflow_temple_1_default, first_bread, doesnt_xom_only_xom
D:3:      lightli_temple_of_fire, uniq_sigmund
D:4:      kennysheep_little_box, lemuel_blue_sif_altar, lemuel_crystal_altar,
          minivault_26, uniq_duvessa
D:5:      tso_altar, serial_shops, kennysheep_mini_moat, uniq_eustachio,
          uniq_ijyb

Skill      XL: |  1  2  3  4  5  6  7 |
---------------+----------------------+-----
Maces & Flails | 3 4 5 6 |  6.2
Armour         | 2 |  2.9
Dodging        | 1 2 |  2.3
Invocations    | 1 |  1.1
Fighting       | |  3.8

Action                   |  1- 3 |  4- 6 |  7- 9 || total
-------------------------+-------+-------+-------++-------
Melee: Mace              |   152 |   222 |    32 ||   406
Evoke: Deck              |       |       |     1 ||     1
  Use: Potion            |     1 |     4 |       ||     5
       Scroll            |       |     7 |       ||     7
 Stab: Sleeping          |     1 |     8 |       ||     9
       Distracted        |       |     2 |       ||     2
  Eat: Chunk             |     1 |     9 |     2 ||    12
Armor: Leather armour    |    70 |    63 |    12 ||   145
Dodge: Dodged            |    98 |   137 |     9 ||   244
